Map: Dasan Station LE

Players

Fropez

  • Race: Protoss Protoss
  • League: Gold
  • Spawn Location: 6:00

cilantro - Winner!

  • Race: Protoss Protoss
  • League: Silver
  • Spawn Location: 12:00

VOD

Have the link to the VOD?

Description

Time

  • Played on: Oct. 20, 2016, 6:52 p.m.
  • Length: 8:54
Show
View Real Time Build Order
Export as new Build Order

Fropez Protoss 

Build Orders:  

Get SALT Encoding   

  12  0:02  Probe (Chrono Boost)  
  13  0:13  Probe (Chrono Boost)  
  14  0:21  Pylon  
  14  0:25  Probe (Chrono Boost)  
  15  0:36  Assimilator  
  15  0:39  Probe (Chrono Boost)  
  16  0:48  Gateway  
  17  0:50  Probe (Chrono Boost)  
  17  1:00  Probe (Chrono Boost)  
  18  1:11  Probe (Chrono Boost)  
  19  1:25  Pylon  
  19  1:31  Forge  
  19  1:36  Probe (Chrono Boost)  
  19  1:37  Pylon  
  20  1:58  Cybernetics Core  
  20  2:04  Gateway  
  20  2:16  Pylon  
  20  2:19  Probe (Chrono Boost)  
  20  2:22  Zealot (Chrono Boost)  
  23  2:35  Assimilator  
  23  2:37  Warp Gate (Chrono Boost)  
  23  2:46  Pylon, Stalker (Chrono Boost)  
  26  3:01  Mothership Core  
  27  3:07  Pylon  
  27  3:14  Adept (Chrono Boost)  
  27  3:19  Stalker (Chrono Boost)  
  31  3:22  Probe  
  31  3:34  Probe  
  31  3:37  Nexus  
  32  3:48  Probe  
  31  4:06  Stalker x2  
  35  4:35  Probe  
  34  4:47  Probe  
  34  4:49  Twilight Council  
  35  5:01  Probe  
  36  5:14  Probe  
  37  5:21  Nexus  
  37  5:28  Robotics Facility  
  37  5:31  Probe  
  37  5:34  Probe  
  39  5:55  Probe  
  39  5:56  Forge  
  40  6:08  Probe  
  41  6:19  Blink (Chrono Boost)  
  41  6:26  Assimilator  
  41  6:28  Pylon  
  41  6:32  Protoss Ground Weapons Level 1 (Chrono Boost)  
  41  6:35  Observer  
  42  6:52  Probe  
  42  6:53  Probe  
  44  6:55  Pylon, Stalker  
  46  7:04  Probe  
  45  7:17  Adept  
  45  7:19  Photon Cannon  
  45  7:22  Photon Cannon  
  40  7:39  Stalker x2  
  41  7:51  Probe  
  36  8:03  Probe  
  36  8:04  Stalker x2  
  40  8:15  Probe  
  40  8:18  Immortal (Chrono Boost)  
  45  8:26  Gateway  
Show
View Real Time Build Order
Export as new Build Order

cilantro Protoss - Winner!

Build Orders:  

Get SALT Encoding   

  12  0:01  Probe (Chrono Boost)  
  13  0:14  Pylon  
  13  0:17  Probe (Chrono Boost)  
  14  0:27  Probe (Chrono Boost)  
  15  0:38  Probe (Chrono Boost)  
  16  0:46  Gateway  
  16  0:48  Probe (Chrono Boost)  
  17  0:51  Assimilator  
  17  0:59  Probe (Chrono Boost)  
  18  1:04  Pylon  
  18  1:09  Probe (Chrono Boost)  
  19  1:20  Probe (Chrono Boost)  
  20  1:30  Probe (Chrono Boost)  
  21  1:33  Cybernetics Core  
  21  1:37  Gateway  
  21  1:44  Probe (Chrono Boost)  
  22  1:55  Probe (Chrono Boost)  
  23  2:05  Probe (Chrono Boost)  
  24  2:16  Probe (Chrono Boost)  
  25  2:25  Pylon  
  27  2:30  Warp Gate (Chrono Boost), Mothership Core (Chrono Boost)  
  27  2:31  Adept  
  29  2:42  Assimilator  
  29  3:00  Pylon  
  29  3:05  Nexus  
  29  3:06  Pylon  
  29  3:08  Pylon  
  29  3:09  Probe  
  30  3:15  Adept  
  30  3:16  Adept  
  34  3:24  Probe  
  35  3:36  Probe  
  37  3:48  Probe  
  37  3:59  Gateway  
  37  4:00  Probe  
  36  4:05  Robotics Facility  
  36  4:06  Pylon  
  36  4:14  Gateway  
  36  4:15  Pylon  
  34  4:44  Probe  
  35  4:46  Adept x2  
  39  4:55  Observer (Chrono Boost)  
  39  4:56  Probe  
  41  5:04  Adept  
  41  5:06  Probe  
  42  5:08  Probe  
  42  5:10  Adept  
  42  5:11  Adept  
  47  5:15  Immortal (Chrono Boost)  
  47  5:19  Zealot  
  47  5:20  Probe  
  50  5:23  Pylon  
  50  5:31  Pylon  
  50  5:32  Probe  
  50  5:33  Probe  
  52  5:39  Forge  
  52  5:45  Probe x2  
  52  5:48  Adept x4  
  62  6:03  Assimilator  
  62  6:05  Assimilator  
  62  6:16  Protoss Ground Weapons Level 1 (Chrono Boost)  
  62  6:19  Zealot x3  
  62  6:20  Zealot  
  70  6:33  Observer  
  70  6:38  Pylon  
  71  6:45  Nexus  
  71  6:46  Pylon  
  71  6:50  Pylon  
  71  6:52  Stalker x2  
  71  6:54  Pylon  
  75  6:59  Immortal  
  79  7:02  Adept  
  79  7:23  Pylon  
  75  7:38  Warp Prism, Adept  
  75  7:39  Adept x3  
  85  7:45  Pylon  
  85  7:48  Pylon  
  85  7:49  Pylon  
  75  8:00  Pylon  
  75  8:19  Photon Cannon  
  75  8:20  Adept x2  
  79  8:28  Adept, Zealot  
  83  8:41  Adept  
  83  8:42  Adept  
Tags
 
Matchup
PvP
Replay Pack
All Mines
Spawn Locations
Cross Positions
Add a new tag
Caveats
  • Supply blocks, unpowered buildings, or Contaminate may cause inaccurate times.
  • Supply counts are checked every 10 seconds.